Map: Lightshade LE

Players

Rex - Winner!

  • Race: Zerg Zerg
  • League: Master
  • Spawn Location: 11:00

Has

  • Race: Protoss Protoss
  • Spawn Location: 5:00

Event: DreamHack SC2 Masters 2020 Winter

VOD

Have the link to the VOD?

Description

Time

  • Played on: Oct. 23, 2020, 10:08 a.m.
  • Length: 19:11

All games in this series

Show
View Real Time Build Order
Export as new Build Order

Rex Zerg - Winner!

Build Orders: Hatch First 

Get SALT Encoding   

  12  0:00  Drone  
  13  0:12  Overlord  
  13  0:17  Drone  
  14  0:30  Drone x2  
  16  0:48  Hatchery  
  15  0:51  Drone  
  15  0:55  Drone  
  17  0:58  Drone  
  18  1:05  Extractor  
  17  1:13  Spawning Pool  
  17  1:15  Drone  
  17  1:19  Drone  
  18  1:27  Drone  
  19  1:39  Drone  
  20  1:52  Overlord  
  20  2:00  Queen x2  
  25  2:01  Zergling x2  
  25  2:02  Zergling x2  
  26  2:09  Metabolic Boost  
  26  2:11  Drone  
  27  2:16  Drone  
  28  2:24  Drone x2  
  30  2:36  Hatchery  
  29  2:44  Queen  
  29  2:48  Drone  
  29  2:49  Drone  
  33  2:55  Overlord  
  33  2:57  Drone  
  34  3:00  Drone  
  34  3:03  Drone  
  36  3:14  Drone x4  
  36  3:15  Overlord  
  36  3:17  Drone  
  41  3:23  Queen  
  43  3:28  Overlord  
  43  3:34  Spore Crawler  
  42  3:35  Drone x2  
  44  3:42  Drone  
  44  3:44  Drone x3  
  44  3:47  Drone x2  
  50  3:49  Drone  
  50  3:55  Drone x3  
  54  3:58  Roach Warren  
  53  4:06  Drone x3  
  53  4:09  Overlord  
  56  4:13  Spine Crawler  
  56  4:14  Extractor  
  56  4:16  Zergling x6  
  56  4:17  Zergling x4  
  59  4:21  Overlord x2  
  59  4:26  Zergling x2  
  60  4:32  Queen  
  60  4:33  Zergling x8  
  60  4:37  Overlord  
  66  4:41  Roach  
  66  4:42  Roach  
  66  4:43  Roach  
  72  4:48  Roach x2  
  72  4:52  Zergling x2, Roach  
  79  4:58  Roach x2, Zergling x2  
  84  5:02  Zergling x2, Roach  
  84  5:03  Zergling x2  
  84  5:04  Ravager  
  84  5:06  Ravager  
  90  5:14  Zergling x10  
  90  5:18  Zergling x2  
  90  5:19  Zergling x4  
  90  5:21  Zergling x4  
  88  5:32  Zergling x8  
  88  5:33  Zergling x2  
  88  5:34  Zergling x2  
  90  5:39  Ravager  
  90  5:40  Overlord x2  
  90  5:42  Ravager  
  92  5:44  Zergling x2  
  92  5:48  Queen  
  95  5:51  Zergling x4  
  95  5:53  Zergling x2  
  95  5:59  Drone, Zergling x2  
  95  6:01  Zergling x6  
  95  6:04  Spore Crawler x2  
  95  6:05  Zergling x6  
  95  6:07  Zergling x2  
  94  6:13  Overlord  
  94  6:14  Drone, Zergling x2  
  94  6:17  Ravager x3  
  99  6:20  Zergling x4  
  94  6:33  Zergling x16  
  94  6:38  Lair, Overlord  
  101  6:40  Zergling x2  
  101  6:42  Extractor, Overlord  
  101  6:43  Zergling x4  
  101  6:45  Zergling x2  
  104  6:49  Zergling x2  
  104  6:51  Zergling x2  
  106  6:54  Zergling x2  
  106  6:58  Zergling x6  
  106  6:59  Overlord  
  110  7:05  Drone  
  111  7:11  Overlord  
  111  7:12  Zergling x10  
  111  7:13  Zergling x2  
  117  7:19  Zergling x4  
  119  7:27  Zergling x8  
  119  7:28  Ravager  
  119  7:29  Ravager  
  125  7:32  Drone  
  126  7:37  Roach x2  
  126  7:43  Zergling x10  
  134  7:51  Overseer  
  128  8:00  Drone x5  
  128  8:02  Drone x4, Glial Reconstitution  
  128  8:05  Drone, Evolution Chamber  
  136  8:09  Zergling x2  
  130  8:14  Roach x5  
  130  8:15  Ravager  
  130  8:16  Ravager  
  142  8:21  Roach  
  144  8:29  Roach  
  144  8:30  Roach x4  
  144  8:33  Overlord  
  152  8:37  Zergling x2  
  147  8:44  Roach x4  
  153  8:48  Overlord  
  153  8:52  Extractor  
  153  8:53  Extractor, Roach x5, Zergling x2  
  153  8:54  Extractor  
  158  9:05  Roach  
  158  9:06  Roach x2  
  158  9:11  Zerg Missile Weapons Level 1  
  158  9:13  Zergling x4  
  158  9:14  Overlord x2  
  158  9:18  Zergling x14  
  158  9:22  Zergling x8  
  161  9:25  Ravager  
  161  9:30  Zergling x4  
  160  9:31  Overseer  
  160  9:35  Zergling x2, Ravager  
  158  9:41  Ravager  
  158  9:45  Zergling x12  
  164  9:47  Overseer  
  164  9:51  Zergling x10  
  162  10:02  Roach  
  162  10:03  Roach x2  
  162  10:06  Ravager x2  
  162  10:07  Ravager x2  
  165  10:15  Roach x6  
  165  10:16  Roach  
  173  10:23  Zergling x8  
  163  10:38  Zergling x8  
  163  10:40  Zergling x2  
  145  10:44  Roach  
  145  10:47  Ravager x6  
  145  10:48  Zergling x2  
  145  10:49  Zergling x6  
  153  10:53  Ravager  
  152  10:58  Zergling x4  
  152  10:59  Zergling x2  
  152  11:00  Zergling x4  
  152  11:03  Zergling x4  
  153  11:04  Zergling x6  
  153  11:06  Roach Warren  
  153  11:11  Zergling x2  
  156  11:14  Zergling x2  
  153  11:20  Zergling x2  
  153  11:21  Zergling x14  
  156  11:28  Zergling x2  
  156  11:32  Zergling x10  
  159  11:41  Zergling x4  
  159  11:45  Zergling x8  
  161  11:49  Zerg Missile Weapons Level 2  
  161  11:57  Overlord  
  161  12:01  Infestation Pit  
  161  12:06  Ravager  
  161  12:14  Baneling Nest, Hatchery  
  152  12:16  Drone x3  
  155  12:27  Zergling x22  
  166  12:39  Overlord  
  166  12:40  Overlord x2  
  166  12:55  Evolution Chamber  
  165  13:12  Hatchery, Centrifical Hooks  
  165  13:18  Zergling x2  
  165  13:19  Zergling x32  
  181  13:20  Ravager x2  
  181  13:23  Ravager x3  
  186  13:33  Zerg Ground Armor Level 1  
  183  13:53  Drone x10  
  187  14:05  Zerg Melee Weapons Level 1  
  187  14:09  Baneling x8  
  187  14:10  Baneling x15  
  187  14:13  Baneling  
  187  14:14  Baneling x6  
  187  14:19  Hive  
  187  14:22  Zergling x4  
  188  14:41  Zergling x2  
  188  14:42  Zergling x22  
  197  14:55  Zergling x4  
  199  15:13  Zergling x38  
  185  15:19  Zergling x4  
  163  15:26  Roach x5  
  142  15:34  Roach  
  142  15:35  Roach x3  
  143  15:38  Zergling x4  
  143  15:41  Zergling x2  
  134  15:44  Zergling x2  
  134  15:47  Zergling x2  
  134  15:48  Zergling x2  
  124  15:57  Roach x2  
  124  15:58  Roach x2, Ravager x5  
  124  16:02  Zergling x6  
  124  16:03  Ravager x2  
  124  16:04  Ravager x2  
  132  16:07  Zergling x8  
  136  16:13  Baneling x10  
  136  16:23  Ravager x4  
  136  16:25  Baneling x4  
  140  16:27  Baneling x11  
  140  16:33  Zergling x2  
  140  16:34  Zergling x6  
  144  16:41  Zerg Melee Weapons Level 2  
  143  16:51  Hatchery  
  137  16:56  Viper x3  
  144  17:02  Spore Crawler  
  143  17:21  Zergling x8  
  143  17:22  Zergling x26  
  160  17:31  Baneling x2  
  160  17:42  Zergling x16  
  168  17:56  Overlord x2  
  167  18:03  Drone x2  
  166  18:11  Zergling x26  
  176  18:23  Zergling x16  
  171  18:39  Roach x6  
Show
View Real Time Build Order
Export as new Build Order

Has Protoss 

Build Orders: 1 Gate Expand, Blink Stalkers 

Get SALT Encoding   

  12  0:00  Probe  
  13  0:12  Probe  
  14  0:20  Pylon  
  14  0:24  Probe (Chrono Boost)  
  15  0:36  Assimilator  
  15  0:39  Probe (Chrono Boost)  
  16  0:44  Gateway, Probe (Chrono Boost)  
  17  0:56  Probe  
  18  1:08  Probe  
  19  1:20  Probe  
  20  1:31  Nexus  
  21  1:35  Cybernetics Core  
  21  1:36  Probe  
  21  1:41  Assimilator  
  21  1:48  Probe  
  21  1:51  Pylon  
  22  2:00  Probe  
  23  2:08  Adept (Chrono Boost)  
  23  2:12  Probe  
  23  2:15  Twilight Council  
  26  2:20  Warp Gate  
  26  2:24  Probe  
  27  2:30  Stalker  
  30  2:39  Probe (Chrono Boost)  
  30  2:43  Probe (Chrono Boost)  
  32  2:51  Robotics Facility  
  32  2:52  Probe (Chrono Boost)  
  32  2:53  Probe (Chrono Boost)  
  32  2:57  Probe (Chrono Boost)  
  33  3:00  Probe  
  35  3:09  Probe (Chrono Boost)  
  35  3:10  Gateway  
  36  3:13  Blink (Chrono Boost)  
  36  3:18  Probe (Chrono Boost)  
  37  3:22  Probe (Chrono Boost)  
  37  3:24  Stalker  
  40  3:30  Probe (Chrono Boost)  
  40  3:31  Pylon, Probe (Chrono Boost)  
  42  3:36  Probe (Chrono Boost)  
  42  3:38  Observer  
  45  3:43  Probe (Chrono Boost)  
  45  3:48  Probe (Chrono Boost)  
  46  3:53  Gateway  
  47  3:55  Gateway  
  47  3:56  Gateway  
  47  3:59  Gateway  
  47  4:02  Assimilator  
  46  4:06  Warp Prism (Chrono Boost)  
  48  4:14  Pylon  
  48  4:15  Probe  
  48  4:16  Probe  
  50  4:20  Observer  
  50  4:25  Stalker x2  
  50  4:28  Pylon  
  54  4:36  Gateway  
  54  4:49  Observer  
  54  4:53  Stalker x2  
  54  4:54  Stalker x3  
  54  4:57  Stalker  
  66  5:06  Pylon  
  66  5:20  Zealot x2  
  56  5:36  Stalker x5  
  56  5:40  Stalker  
  56  5:41  Stalker, Pylon  
  70  5:47  Forge  
  70  5:48  Probe x2  
  72  5:51  Assimilator  
  72  5:54  Pylon  
  68  6:08  Stalker  
  68  6:09  Stalker x3  
  70  6:13  Stalker  
  70  6:14  Protoss Ground Weapons Level 1 (Chrono Boost)  
  70  6:17  Stalker  
  72  6:38  Stalker x3  
  76  6:41  Probe x2  
  76  6:44  Stalker  
  76  6:46  Zealot x2  
  84  6:55  Pylon  
  84  7:06  Stalker x4  
  92  7:10  Stalker  
  94  7:17  Pylon  
  94  7:24  Observer (Chrono Boost)  
  94  7:36  Pylon  
  94  7:40  Stalker x6  
  106  7:47  Stalker  
  108  8:06  Zealot, Shield Battery  
  108  8:12  Stalker x4, Protoss Ground Weapons Level 2 (Chrono Boost)  
  118  8:17  Pylon  
  118  8:18  Pylon  
  118  8:35  Zealot x4  
  118  8:36  Zealot  
  128  8:49  Gateway  
  128  8:56  Pylon  
  128  9:00  Stalker x3  
  132  9:24  Robotics Bay  
  132  9:28  Pylon  
  132  9:33  Cybernetics Core  
  132  10:03  Pylon  
  130  10:08  Stalker  
  130  10:09  Stalker x6  
  143  10:17  Disruptor (Chrono Boost)  
  114  10:44  Stalker x7  
  131  10:50  Protoss Ground Weapons Level 3 (Chrono Boost)  
  131  11:07  Stalker  
  131  11:08  Stalker x5  
  136  11:20  Disruptor (Chrono Boost)  
  136  11:25  Zealot  
  125  11:55  Nexus  
  125  12:03  Gateway  
  125  12:04  Sentry x5  
  135  12:14  Disruptor (Chrono Boost)  
  138  12:29  Pylon  
  138  12:41  Stalker x4  
  138  12:43  Observer  
  147  12:49  Shield Battery  
  147  13:07  Colossus (Chrono Boost)  
  147  13:09  Probe  
  154  13:31  Extended Thermal Lance (Chrono Boost)  
  154  13:43  Robotics Facility  
  154  13:45  Photon Cannon  
  154  13:53  Pylon  
  154  13:54  Colossus  
  154  13:55  Pylon  
  160  14:04  Protoss Ground Armor Level 1  
  160  14:06  Probe  
  160  14:07  Probe  
  160  14:08  Pylon, Probe  
  163  14:23  Pylon  
  163  14:29  Phoenix x2  
  163  14:31  Colossus  
  169  14:47  Stalker  
  169  14:49  Stalker x3  
  169  14:50  Stalker x4  
  87  15:33  Stalker x7  
  87  15:34  Stalker  
  92  15:49  Colossus (Chrono Boost)  
  82  16:08  Colossus (Chrono Boost)  
  88  16:13  Assimilator x2  
  88  16:25  Sentry  
  90  16:42  Nexus  
  90  16:43  Pylon  
  84  17:04  Colossus (Chrono Boost)  
  84  17:05  Pylon  
  84  17:07  Colossus (Chrono Boost)  
  96  17:20  Zealot x3, Shield Battery  
  102  17:23  Sentry  
  102  17:24  Sentry  
  106  17:33  Phoenix  
  106  17:55  Colossus (Chrono Boost)  
  112  18:11  Photon Cannon  
  112  18:13  Shield Battery  
  109  18:21  Shield Battery  
  100  18:27  Stalker x5  
  100  18:30  Sentry x2  
  114  18:36  Stalker  
Tags
 
Add a new tag
Caveats
  • Supply blocks, unpowered buildings, or Contaminate may cause inaccurate times.
  • Supply counts are checked every 10 seconds.